 Dungeon Crawl Stone Soup version 0.30-a0-165-g1891117ce2 (webtiles) character file.

Game seed: 8527214981098385769

23 LnG the Caller (level 3, -17/19 HPs)
             Began as a Kobold Summoner on Sept 28, 2022.
             Killed by an exploding giant cockroach (36 damage)
             ... ignited by their inner flame
             ... on level 3 of the Dungeon.
             The game lasted 00:04:17 (2375 turns).

LnG the Caller (Kobold Summoner)                    Turns: 2375, Time: 00:04:18

Health: -17/19     AC:  2    Str:  5    XL:     3   Next: 12%
Magic:  7/7        EV: 15    Int: 18    God:
Gold:   145        SH:  0    Dex: 15    Spells: 1/7 levels left

rFire   . . .      SeeInvis .    h - +0 dagger (speed)
rCold   . . .      Faith    .    (no shield)
rNeg    . . .      Spirit   .    a - +0 robe
rPois   .          Reflect  .    (no helmet)
rElec   .          Harm     .    (no cloak)
rCorr   .          Rampage  .    (no gloves)
Will    .....                    (no boots)
Stlth   +++.......               (no amulet)
HPRegen 0.06/turn                (no ring)
MPRegen 0.10/turn                (no ring)

@: no status effects
A: small, no large weapons, nightstalker 3
a: no special abilities


You were on level 3 of the Dungeon.
You visited 1 branch of the dungeon, and saw 3 of its levels.

You collected 145 gold pieces.

Inventory:

Hand Weapons
 h - a +0 dagger of speed (weapon)
Armour
 a - a +0 robe (worn)
Jewellery
 j - an amulet of guardian spirit
Scrolls
 c - a scroll of torment {unknown}
 g - a scroll of blinking {unknown}
 i - 2 scrolls of immolation
 l - a scroll of teleportation {unknown}
 m - a scroll of brand weapon {unknown}
Potions
 b - a potion of magic
 d - a potion of haste {unknown}
 e - a potion of degeneration {unknown}
 f - a potion of attraction {unknown}
 k - a potion of curing {unknown}


   Skills:
 + Level 0.8 Short Blades
 + Level 2.6 Dodging
 + Level 2.7 Stealth
 + Level 2.7 Spellcasting
 + Level 4.3 Summonings


You had one spell level left.
You knew the following spells:

 Your Spells              Type           Power      Damage    Failure   Level
a - Summon Small Mammal   Summ           72%        N/A       2%          1
b - Call Imp              Summ           18%        N/A       4%          2
c - Call Canine Familiar  Summ           18%        N/A       9%          3

Your spell library contained the following spells:

 Spells                   Type           Power      Damage    Failure   Level
 Summon Guardian Golem    Hex/Summ       10%        N/A       21%         3
 Summon Lightning Spire   Summ/Air       10%        N/A       56%         4


Dungeon Overview and Level Annotations

Branches:
Dungeon (3/15)

Altars:
Xom

Shops:
D:1 :(


Innate Abilities, Weirdness & Mutations

You are small and have problems with some larger weapons.
You are completely attuned to the shadows.


Message History

Partly explored, can't reach some items and places.
You see here a stone.
There is a stone staircase leading up here.
You see here an orb of energy.
m - an orb of energy You drop an orb of energy.
Partly explored, can't reach some items and places.
There is a shimmering altar of Xom here.
You hit the plant but do no damage. You hit the plant.
The plant begins to die.
The plant is lightly damaged.
A nearby plant withers and dies.
Found a faded altar of an unknown god.
You now have 138 gold pieces (gained 14).
You now have 145 gold pieces (gained 7).
No target in view!
Magic restored.
Done exploring.
You swap places.
Your bat disappears in a puff of smoke!
There is a stone staircase leading down here.
You climb downwards.
Found a scroll labelled PUEFFA KUCAALA.
There is a stone staircase leading up here.
The helpless ball python fails to defend itself.
You puncture the ball python!
You kill the ball python!
m - a scroll labelled PUEFFA KUCAALA
There are no items here.
A giant cockroach comes into view.
Found a stone staircase leading down.
As you read the scroll labelled DIRI ZUVA, it crumbles to dust.
The creatures around you are filled with an inner flame!
It was a scroll of immolation.
The helpless giant cockroach fails to defend itself.
You puncture the giant cockroach!
The giant cockroach explodes!
The fiery explosion engulfs you!!!
Ouch! That really hurt!
You die...

### #######
.># #.....#
#.######.###.#
#.#..<#....#.#
#.....#..#.#.#
#.#......#...#
#.###.##.#####
#@# #....# #.#
###### #ยง#
#.# #.#


There were no monsters in sight!

Vanquished Creatures
  An endoplasm (D:2)
  A giant cockroach (D:3)
  3 goblins
  A hobgoblin (D:1)
  3 quokkas (D:2)
  A ball python (D:3)
  A frilled lizard (D:2)
  A rat (D:2)
12 creatures vanquished.

Vanquished Creatures (collateral kills)
  An orc (D:2)
  2 ball pythons (D:1)
  A goblin (D:1)
  3 hobgoblins
  A bat (D:1)
8 creatures vanquished.

Vanquished Creatures (others)
  A plant (D:2)
1 creature vanquished.

Grand Total: 21 creatures vanquished

Notes
Turn   | Place    | Note
-------+----------+-------------------------------------------
     0 | D:1      | LnG the Kobold Summoner began the quest for the Orb.
     0 | D:1      | Reached XP level 1. HP: 10/10 MP: 3/3
    12 | D:1      | Found Gilasemy's Antique Weapon Emporium.
    71 | D:1      | Found Unow's Book Boutique.
   701 | D:1      | Reached XP level 2. HP: 12/15 MP: 3/5
   717 | D:1      | Learned a level 2 spell: Call Imp
  1717 | D:2      | Reached XP level 3. HP: 19/19 MP: 1/7
  1721 | D:2      | Learned a level 3 spell: Call Canine Familiar
  2128 | D:2      | Found a shimmering altar of Xom.
  2269 | D:2      | Found a faded altar of an unknown god.
  2375 | D:3      | Killed by an exploding giant cockroach... ignited by their
                  | inner flame

Illustrated notes

Levels and vault maps discovered:
D:1:      wander_arrival_fairy_ring, layout_loops_corners, serial_shops, shop,
          shop
D:2:      layout_rooms, shapermc_ecumenical_altar_petra, basic_altar
D:3:      layout_basic, mainiacjoe_overflow_large_starburst, uniq_ijyb,
          uniq_sigmund

Action                   || total
-------------------------++-------
Melee: Unarmed           ||     7
       Dagger            ||    44
 Cast: Summon Small Mamm ||    11
       Call Imp          ||     5
       Call Canine Famil ||     1
  Use: Scroll            ||     1
 Stab: Sleeping          ||     5
Armor: Robe              ||     3
Dodge: Dodged            ||    40

Table legend: (Time is in decaauts)
 A = Elapsed time spent in this place.
 B = Non-inter-level travel time spent in this place.
 C = Inter-level travel time spent in this place.
 D = Time resting spent in this place.
 E = Time spent auto-exploring this place.
 F = Levels seen in this place.
 G = Mean time per level.
                   A        B        C        D        E       F      G
               +--------+--------+--------+--------+--------+-----+--------+
         Total |   2360 |   2156 |    204 |    446 |   1431 |   3 |  786.7 |
       Dungeon |   2360 |   2156 |    204 |    446 |   1431 |   3 |  786.7 |
               +--------+--------+--------+--------+--------+-----+--------+

Top non-repeatable levels by time:
     D:1: 1182 daAuts
     D:2: 1145 daAuts
     D:3: 32 daAuts
